 Dungeon Crawl Stone Soup version 0.28.0-53-g5a82cb258f (webtiles) character file.

Game seed: 13795865489188978900

33 Zeld the Magician (level 3, -1/19 HPs)
             Began as a Deep Elf Fire Elementalist on May 22, 2022.
             Slain by an orc
             ... wielding a +0 flail
              (10 damage)
             ... on level 2 of the Dungeon.
             The game lasted 00:01:42 (1697 turns).

Zeld the Magician (Deep Elf Fire Elementalist)      Turns: 1697, Time: 00:01:43

Health: -1/19      AC:  2    Str:  5    XL:     3   Next: 12%
Magic:  1/10       EV: 13    Int: 21    God:
Gold:   51         SH:  0    Dex: 15    Spells: 3/9 levels left

rFire   . . .      SeeInvis .   (no weapon)
rCold   . . .      Faith    .   (no shield)
rNeg    . . .      Spirit   .   a - +0 robe
rPois   .          Reflect  .   (no helmet)
rElec   .          Harm     .   (no cloak)
rCorr   .          Rampage  .   (no gloves)
Will    .....                   (no boots)
Stlth   ++........              (no amulet)
HPRegen 0.06/turn               (no ring)
MPRegen 0.12/turn               (no ring)

@: no status effects
A: no striking features
a: no special abilities


You were on level 2 of the Dungeon.
You visited 1 branch of the dungeon, and saw 2 of its levels.

You collected 51 gold pieces.

Inventory:

Armour
 a - a +0 robe (worn)
Scrolls
 c - a scroll of identify {unknown}
 d - a scroll of enchant armour {unknown}
 e - a scroll of fog {unknown}
Potions
 b - 2 potions of attraction {unknown}
 f - a potion of resistance {unknown}


   Skills:
 + Level 2.8 Dodging
 - Level 2.4 Stealth
 * Level 3.8 Spellcasting
 + Level 1.8 Conjurations
 + Level 0.0 Hexes
 * Level 3.7 Fire Magic


You had 3 spell levels left.
You knew the following spells:

 Your Spells              Type           Power      Damage    Failure   Level
a - Foxfire               Conj/Fire      60%        2x1d7     3%          1
b - Scorch                Fire           38%        2d6       4%          2
c - Inner Flame           Hex/Fire       12%        N/A       17%         3

Your spell library contained the following spells:

 Spells                   Type           Power      Damage    Failure   Level
 Conjure Flame            Conj/Fire      15%        6-21      12%         3
 Flame Wave               Conj/Fire      15%        2d6       36%         4


Dungeon Overview and Level Annotations

Branches:
Dungeon (2/15)

Altars:


Message History

Memorise Inner Flame, consuming 3 spell levels and leaving 3?
You start memorising the spell.
You continue memorising. x3
You finish memorising.
Spell assigned to 'c'.
You see here a giant cockroach corpse.
An orc is nearby!
An orc is nearby!
An orc is nearby!
An orc is nearby!
The orc shouts! x2
The orc misses you.
Casting: Scorch (safe; 4% risk of failure)
Confirm with . or Enter, or press ? or * to list all spells.
Flames lash the orc.
You kill the orc!
Casting: Scorch (safe; 4% risk of failure)
Confirm with . or Enter, or press ? or * to list all spells.
Flames lash the orc.
The orc is severely wounded.
The orc's fire resistance burns away.
Casting: Scorch (safe; 4% risk of failure)
Confirm with . or Enter, or press ? or * to list all spells.
Flames lash the orc.
The orc is heavily wounded.
The orc's fire resistance burns away.
The orc hits you with a +0 flail. The orc hits you with a +0 hand axe.
Unknown command.
Casting: Scorch (safe; 4% risk of failure)
Confirm with . or Enter, or press ? or * to list all spells.
Flames lash the orc.
The orc is burned terribly!
You kill the orc!
The orc misses you.
The orc is no longer more vulnerable to fire.
A quokka comes into view.
Casting: Scorch (safe; 4% risk of failure)
Confirm with . or Enter, or press ? or * to list all spells.
Flames lash the orc.
You kill the orc!
The orc hits you with a +0 flail!
Ouch! That really hurt!
You die...

##.## #. #... ..
#+########.# ###
.####....##....# ...
.......).......###.# #
####..<.##.##..†..# .#
. #.#.###.####.###
#.##... #
#.###.####.####.......
#.##...@o)...r.)....#
#.##..####.####.!.....
..##..# #.# .###.##
####..# #.. .# #### ##


You could see an orc and a quokka.

Vanquished Creatures
  2 dart slugs (D:1)
  3 orcs (D:2)
  5 endoplasms
  A giant cockroach (D:2)
  3 hobgoblins (D:1)
  3 kobolds
  2 ball pythons (D:1)
  2 frilled lizards
  A goblin (D:1)
  6 rats (D:1)
28 creatures vanquished.

Vanquished Creatures (collateral kills)
  4 foxfires (D:1)
4 creatures vanquished.

Vanquished Creatures (others)
  43 foxfires (D:1)
43 creatures vanquished.

Grand Total: 75 creatures vanquished

Notes
Turn   | Place    | Note
-------+----------+-------------------------------------------
     0 | D:1      | Zeld the Deep Elf Fire Elementalist began the quest for the
                  | Orb.
     0 | D:1      | Reached XP level 1. HP: 10/10 MP: 6/6
   587 | D:1      | Reached XP level 2. HP: 14/15 MP: 4/8
   591 | D:1      | Learned a level 2 spell: Scorch
  1651 | D:2      | Reached XP level 3. HP: 19/19 MP: 7/10
  1655 | D:2      | Learned a level 3 spell: Inner Flame
  1697 | D:2      | Slain by an orc

Illustrated notes

Levels and vault maps discovered:
D:1:      eino_arrival_water_cross, layout_basic, serial_curves, eino_curves_03,
          eino_curves_04
D:2:      layout_loops_ring, dreamdust_ecumenical_altar_grove,
          minmay_misc_feat_rows, st_stairs_11, kennysheep_path_1,
          serial_bayou_lagoon_a

Action                   || total
-------------------------++-------
Melee: Unarmed           ||    14
 Cast: Foxfire           ||    38
       Scorch            ||    26
Armor: Robe              ||     3
Dodge: Dodged            ||    18
